AoeStats
← Grinch_XO

Arabia

508684319Analyzed
1v1 RM · 10d ago on Sep 23, 2026· 47m 58s· 2 players
Game mode
Random Map
Map size
Tiny (2 player)
Population
200
Speed
Normal
Resources
Standard
Victory
Conquest
Starting age
Dark Age
Ending age
Imperial Age
RankedLock teamsTeams togetherTeam positionsShared explorationLock speedFull tech treeHidden civsTurbo modeCheats
Victory
Defeat
🇰🇿 Magyars · Kazakhstan
971
+18
🇦🇷 Vietnamese · Argentina
1006
-18
Grinch_XO
7:59 Loom
10:26 Feudal Age
12:45 Double-Bit Axe
14:08 Scale Barding Armor
15:37 Bloodlines
17:21 Gold Mining
19:48 Horse Collar
23:03 Castle Age
24:05 Bow Saw
24:26 Husbandry
25:16 Gold Shaft Mining
25:11 Heavy Plow
28:01 Fervor
28:48 Chain Barding Armor
30:07 Wheelbarrow
32:05 Sanctity
32:54 Hand Cart
34:16 Fletching
37:24 Imperial Age
34:37 Treadmill Crane
35:25 Heated Shot
35:49 Bodkin Arrow
35:46 Town Watch
37:47 Ballistics
37:31 Corvinian Army
37:59 Murder Holes
37:55 Cavalier
39:05 Conscription
39:10 Bow Saw
40:02 Corvinian Army
41:22 Masonry
41:40 Recurve Bow
42:54 Town Patrol
44:08 Chemistry
44:16 Bracer
44:56 Hoardings
46:23 Plate Barding Armor
46:00 Elite Magyar Huszar
48:20 Guard Tower
Peinaldo
13:22 Feudal Age
11:39 Loom
15:02 Double-Bit Axe
17:16 Man-at-Arms
18:50 Arson
20:08 Forging
21:54 Horse Collar
23:35 Stone Mining
29:15 Castle Age
27:24 Scale Mail Armor
30:11 Wheelbarrow
29:25 Pikeman
31:48 Bow Saw
31:56 Town Watch
33:41 Iron Casting
33:23 Chain Mail Armor
34:58 Squires
35:24 Light Cavalry
36:15 Bloodlines
37:09 Heavy Plow
37:02 Gold Mining
42:51 Imperial Age
42:04 Husbandry
43:06 Halberdier
44:36 Fletching
45:13 Hand Cart
45:40 Capped Ram
47:25 Two-Man Saw
47:13 Paper Money
Connection lost

Rejoining the realm…

Still unreachable

The connection could not be restored.

Session expired

The server has moved on; the page needs a fresh start.